MLB
CHICAGO CUBS @ PHILADELPHIA PHILLIES
09/02/2018
 
TOP OF THE 1ST
Chicago Cubs batting - Pitching for Philadelphia Phillies : LHP David Price
Pitching: LHP David Price
Batting: SHB Yoan Moncada 0-0: Fly out, F7 (Flyball, 7D)
Batting: SHB Ehire Adrianza 0-0: Ball
1-0: Foul Ball, location: 2F
1-1: Swinging Strike
1-2: Reached on error, E3 (Groundball, 3)
Batting: LHB Cody Bellinger 0-0: Ball
1-0: Grounds out, U3 (Groundball, 3L)
Batting: RHB Justin Upton 0-0: Ball
1-0: Fly out, F3 (Popup, 3)
Top of the 1st over - 0 runs, 0 hits, 1 error, 1 left on base; Chicago 0 - Philadelphia 0
BOTTOM OF THE 1ST
Philadelphia Phillies batting - Pitching for Chicago Cubs : RHP Masahiro Tanaka
Pitching: RHP Masahiro Tanaka
Batting: LHB Leonys Martin 0-0: SINGLE (Groundball, 2L) (infield hit)
Batting: RHB Josh Harrison 0-0: Called Strike
0-1: Foul Ball, location: 2F
0-2: Foul Ball, location: 2F
0-2: Strikes out swinging
Batting: RHB Giancarlo Stanton 0-0: Ball
1-0: Called Strike
1-1: Ball
Leonys Martin steals 2nd base
2-1: Ball
3-1: Called Strike
3-2: Foul Ball, location: 2F
3-2: Foul Ball, location: 2F
3-2: Strikes out swinging
Batting: LHB Justin Bour 0-0: Called Strike
0-1: Ball
1-1: Ball
2-1: Foul Ball, location: 2F
2-2: Ball
3-2: Fly out, F7 (Flyball, 78S)
Bottom of the 1st over - 0 runs, 1 hit, 0 errors, 1 left on base; Chicago 0 - Philadelphia 0
TOP OF THE 2ND
Chicago Cubs batting - Pitching for Philadelphia Phillies : LHP David Price
Batting: RHB Willson Contreras 0-0: Ball
1-0: Foul Ball, location: 2F
1-1: Foul Ball, location: 2F
1-2: SOLO HOME RUN (Flyball, 7LD), Distance : 355 ft
Batting: RHB Stephen Piscotty 0-0: Called Strike
0-1: Fly out, F7 (Flyball, 7D)
Batting: RHB Jedd Gyorko 0-0: Foul Ball, location: 2F
0-1: Ball
1-1: Ground out 6-3 (Groundball, 6S)
Batting: RHB Kyle Lewis 0-0: Ball
1-0: Foul Ball, location: 2F
1-1: Swinging Strike
1-2: Strikes out swinging
Top of the 2nd over - 1 run, 1 hit, 0 errors, 0 left on base; Chicago 1 - Philadelphia 0
BOTTOM OF THE 2ND
Philadelphia Phillies batting - Pitching for Chicago Cubs : RHP Masahiro Tanaka
Batting: RHB Todd Frazier 0-0: Called Strike
0-1: Ball
1-1: Foul Ball, location: 2F
1-2: Ball
2-2: Ball
3-2: Foul Ball, location: 2F
3-2: Strikes out swinging
Batting: RHB Russell Martin 0-0: Called Strike
0-1: SOLO HOME RUN (Flyball, 7LD), Distance : 334 ft
Batting: LHB Denard Span 0-0: Called Strike
0-1: Ball
1-1: Fly out, F9 (Flyball, 9D)
Batting: SHB Ketel Marte 0-0: Ball
1-0: Ball
2-0: Called Strike
2-1: DOUBLE (Flyball, 8LXD)
Batting: LHB David Price 0-0: Ball
1-0: Ground out 5-3 (Groundball, 56S)
Bottom of the 2nd over - 1 run, 2 hits, 0 errors, 1 left on base; Chicago 1 - Philadelphia 1
TOP OF THE 3RD
Chicago Cubs batting - Pitching for Philadelphia Phillies : LHP David Price
Batting: RHB Masahiro Tanaka 0-0: Ball
1-0: Called Strike
1-1: Ground out 4-3 (Groundball, 4)
Batting: SHB Yoan Moncada 0-0: Bunt for hit to 15S - play at first, batter safe!
Batting: SHB Ehire Adrianza 0-0: Called Strike
0-1: Ball
1-1: Fielders Choice at 2nd, 1-6 (Groundball, 34S)
Batting: LHB Cody Bellinger 0-0: Ball
1-0: Ground out 4-3 (Groundball, 4)
Top of the 3rd over - 0 runs, 1 hit, 0 errors, 1 left on base; Chicago 1 - Philadelphia 1
BOTTOM OF THE 3RD
Philadelphia Phillies batting - Pitching for Chicago Cubs : RHP Masahiro Tanaka
Batting: LHB Leonys Martin 0-0: Called Strike
0-1: Foul Ball, location: 2F
0-2: Ball
1-2: Foul Ball, location: 2F
1-2: Fly out, F6 (Popup, 6MS)
Batting: RHB Josh Harrison 0-0: Ground out 6-3 (Groundball, 6)
Batting: RHB Giancarlo Stanton 0-0: Ball
1-0: Foul Ball, location: 2F
1-1: Called Strike
1-2: Fly out, F7 (Flyball, 7)
Bottom of the 3rd over - 0 runs, 0 hits, 0 errors, 0 left on base; Chicago 1 - Philadelphia 1
TOP OF THE 4TH
Chicago Cubs batting - Pitching for Philadelphia Phillies : LHP David Price
Batting: RHB Justin Upton 0-0: Called Strike
0-1: Ball
1-1: Foul Ball, location: 2F
1-2: Foul Ball, location: 2F
1-2: Ball
2-2: Ball
3-2: Foul Ball, location: 2F
3-2: Strikes out looking
Batting: RHB Willson Contreras 0-0: Called Strike
0-1: Ball
1-1: Ball
2-1: Called Strike
2-2: Ball
3-2: Base on Balls
Batting: RHB Stephen Piscotty 0-0: Swinging Strike
0-1: Foul Ball, location: 2F
0-2: Strikes out swinging
Batting: RHB Jedd Gyorko 0-0: Called Strike
0-1: Ball
1-1: Fly out, F8 (Flyball, 8LS)
Top of the 4th over - 0 runs, 0 hits, 0 errors, 1 left on base; Chicago 1 - Philadelphia 1
BOTTOM OF THE 4TH
Philadelphia Phillies batting - Pitching for Chicago Cubs : RHP Masahiro Tanaka
Batting: LHB Justin Bour 0-0: Ball
1-0: Ball
2-0: Ground out U3 (Groundball, 34)
Batting: RHB Todd Frazier 0-0: Called Strike
0-1: Ball
1-1: Ground out 6-3 (Groundball, 6)
Batting: RHB Russell Martin 0-0: SOLO HOME RUN (Flyball, 7LD), Distance : 337 ft
Batting: LHB Denard Span 0-0: Called Strike
0-1: Foul Ball, location: 2F
0-2: Ball
1-2: Ground out 6-3 (Groundball, 6)
Bottom of the 4th over - 1 run, 1 hit, 0 errors, 0 left on base; Chicago 1 - Philadelphia 2
TOP OF THE 5TH
Chicago Cubs batting - Pitching for Philadelphia Phillies : LHP David Price
Batting: RHB Kyle Lewis 0-0: Swinging Strike
0-1: Swinging Strike
0-2: Ball
1-2: Ball
2-2: Ground out 2-3 (Groundball, 13S)
Batting: RHB Masahiro Tanaka 0-0: Ball
1-0: Called Strike
1-1: Fly out, F9 (Flyball, 9LS)
Batting: SHB Yoan Moncada 0-0: Ball
1-0: Ball
2-0: Ball
3-0: Base on Balls
Batting: SHB Ehire Adrianza 0-0: SINGLE (Line Drive, 8RS)
Yoan Moncada to second
Batting: LHB Cody Bellinger 0-0: Called Strike
0-1: Swinging Strike
0-2: SINGLE (Flyball, 9LS)
Yoan Moncada to third
Ehire Adrianza to second
Runner from 3rd tries for Home, SAFE, throw by RF to home
Batting: RHB Justin Upton 0-0: Foul Ball, location: 2F
0-1: Foul Ball, location: 2F
0-2: Strikes out swinging
Top of the 5th over - 1 run, 2 hits, 0 errors, 2 left on base; Chicago 2 - Philadelphia 2
BOTTOM OF THE 5TH
Philadelphia Phillies batting - Pitching for Chicago Cubs : RHP Masahiro Tanaka
Batting: SHB Ketel Marte 0-0: Called Strike
0-1: Ball
1-1: Ball
2-1: Swinging Strike
2-2: Foul Ball, location: 2F
2-2: Ball
3-2: Base on Balls
Batting: LHB David Price 0-0: Sac Bunt to 23 - play at second, runner OUT! 3-6
Batting: LHB Leonys Martin 0-0: Ball
1-0: Ball
2-0: Ball
3-0: Called Strike
3-1: Foul Ball, location: 2F
3-2: Strikes out swinging
Batting: RHB Josh Harrison 0-0: Fly out, F5 (Popup, 5SF)
Bottom of the 5th over - 0 runs, 0 hits, 0 errors, 1 left on base; Chicago 2 - Philadelphia 2
TOP OF THE 6TH
Chicago Cubs batting - Pitching for Philadelphia Phillies : LHP David Price
Batting: RHB Willson Contreras 0-0: Ball
1-0: Foul Ball, location: 2F
1-1: Ball
2-1: Ball
3-1: Called Strike
3-2: SINGLE (Groundball, 4MD)
Batting: RHB Stephen Piscotty 0-0: Called Strike
0-1: Called Strike
0-2: Grounds into double play, 6-4-3 (Groundball, 6)
Batting: RHB Jedd Gyorko 0-0: Called Strike
0-1: Called Strike
0-2: Foul Ball, location: 2F
0-2: Strikes out swinging
Top of the 6th over - 0 runs, 1 hit, 0 errors, 0 left on base; Chicago 2 - Philadelphia 2
BOTTOM OF THE 6TH
Philadelphia Phillies batting - Pitching for Chicago Cubs : RHP Masahiro Tanaka
Batting: RHB Giancarlo Stanton 0-0: Fly out, F9 (Flyball, 89M)
Batting: LHB Justin Bour 0-0: Ground out 6-3 (Groundball, 4M)
Batting: RHB Todd Frazier 0-0: SINGLE (Groundball, 13) (infield hit)
Batting: RHB Russell Martin 0-0: Swinging Strike
0-1: Foul Ball, location: 2F
0-2: Ball
1-2: Strikes out swinging
Bottom of the 6th over - 0 runs, 1 hit, 0 errors, 1 left on base; Chicago 2 - Philadelphia 2
TOP OF THE 7TH
Chicago Cubs batting - Pitching for Philadelphia Phillies : LHP David Price
Batting: RHB Kyle Lewis 0-0: Ball
1-0: DOUBLE (Flyball, 78XD)
Batting: RHB Masahiro Tanaka 0-0: Ball
1-0: Sac Bunt to 15S - play at first, batter OUT! 1-4
Kyle Lewis to third
Batting: SHB Yoan Moncada 0-0: Ball
1-0: Foul Ball, location: 2F
1-1: Called Strike
1-2: Strikes out looking
Batting: SHB Ehire Adrianza 0-0: Ball
1-0: Fly out, F8 (Flyball, 8LM)
Top of the 7th over - 0 runs, 1 hit, 0 errors, 1 left on base; Chicago 2 - Philadelphia 2
BOTTOM OF THE 7TH
Philadelphia Phillies batting - Pitching for Chicago Cubs : RHP Masahiro Tanaka
Batting: LHB Denard Span 0-0: Foul Ball, location: 2F
0-1: SOLO HOME RUN (Flyball, 7D), Distance : 393 ft
Batting: SHB Ketel Marte 0-0: Called Strike
0-1: Ball
1-1: Called Strike
1-2: Ground out 3-1 (Groundball, 34)
Pinch Hitting: RHB Delino DeShields Jr. 0-0: Ball
1-0: Ground out 4-3 (Groundball, 34)
Batting: LHB Leonys Martin 0-0: Ground out 5-3 (Groundball, 5)
Bottom of the 7th over - 1 run, 1 hit, 0 errors, 0 left on base; Chicago 2 - Philadelphia 3
TOP OF THE 8TH
Chicago Cubs batting - Pitching for Philadelphia Phillies : LHP David Price
Pitching: LHP Alex Claudio
Batting: LHB Cody Bellinger 0-0: Ball
1-0: Swinging Strike
1-1: Ball
2-1: Ground out 4-3 (Groundball, 4)
Batting: RHB Justin Upton 0-0: Swinging Strike
0-1: Ball
1-1: Ground out 6-3 (Groundball, 6)
Batting: RHB Willson Contreras 0-0: SINGLE (Line Drive, 78S)
Batting: RHB Stephen Piscotty 0-0: Foul Ball, location: 2F
0-1: Fly out, F7 (Flyball, 78M)
Top of the 8th over - 0 runs, 1 hit, 0 errors, 1 left on base; Chicago 2 - Philadelphia 3
BOTTOM OF THE 8TH
Philadelphia Phillies batting - Pitching for Chicago Cubs : RHP Masahiro Tanaka
Batting: RHB Josh Harrison 0-0: Foul Ball, location: 2F
0-1: Foul Ball, location: 2F
0-2: Ball
1-2: Foul Ball, location: 2F
1-2: Ball
2-2: Ground out 5-3 (Groundball, 56)
Batting: RHB Giancarlo Stanton 0-0: Foul Ball, location: 2F
0-1: Called Strike
0-2: Ball
1-2: Foul Ball, location: 2F
1-2: Ground out 4-3 (Groundball, 4M)
Batting: LHB Justin Bour 0-0: Ball
1-0: Called Strike
1-1: Swinging Strike
1-2: SOLO HOME RUN (Flyball, 9LD), Distance : 364 ft
Batting: RHB Todd Frazier 0-0: Ball
1-0: Swinging Strike
1-1: SOLO HOME RUN (Flyball, 7D), Distance : 380 ft
Batting: RHB Russell Martin 0-0: Ball
1-0: Ball
2-0: Ball
3-0: Called Strike
3-1: SINGLE (Flyball, 6MD)
Pitching: RHP Giovanny Gallegos
Batting: LHB Denard Span 0-0: Called Strike
0-1: Called Strike
0-2: Ball
1-2: Fly out, F9 (Flyball, 89S)
Bottom of the 8th over - 2 runs, 3 hits, 0 errors, 1 left on base; Chicago 2 - Philadelphia 5
TOP OF THE 9TH
Chicago Cubs batting - Pitching for Philadelphia Phillies : LHP Alex Claudio
Pitching: RHP Joe Smith
Batting: RHB Jedd Gyorko 0-0: SOLO HOME RUN (Flyball, 7D), Distance : 403 ft
Batting: RHB Kyle Lewis 0-0: Fly out, F8 (Line Drive, 8RD)
Pinch Hitting: LHB Jason Castro 0-0: Ball
1-0: Foul Ball, location: 2F
1-1: Swinging Strike
1-2: Fly out, F9 (Flyball, 9LSF)
Batting: SHB Yoan Moncada 0-0: Ball
1-0: Foul Ball, location: 2F
1-1: Foul Ball, location: 2F
1-2: Strikes out swinging
Top of the 9th over - 1 run, 1 hit, 0 errors, 0 left on base; Chicago 3 - Philadelphia 5
Monday, November 12th, 2018 - OOTP Baseball 19.9 Build 115